 Dungeon Crawl Stone Soup version 0.19.1-28-ge1247f7 (webtiles) character file.

47731 RKaid the Warrior (level 14, -4/98 HPs)
             Began as a Gargoyle Gladiator on Jan 21, 2017.
             Was a High Priest of Trog.
             Slain by an ettin
             ... wielding a +0 dire flail
              (19 damage)
             ... on level 1 of the Orcish Mines.
             The game lasted 01:02:52 (22342 turns).

RKaid the Warrior (Gargoyle Gladiator)             Turns: 22342, Time: 01:02:53

Health: -4/98      AC: 33    Str: 20    XL:     14   Next: 43%
Magic:  23/23      EV: 17    Int: 10    God:    Trog [*****.]
Gold:   577        SH:  3    Dex: 16    Spells: 0 memorised, 13 levels left

rFire  . . .     SeeInvis .     b - +2 flail (vamp) {win!}
rCold  . . .     Gourm    .     B - +4 ring mail {rPois}
rNeg   + + .     Faith    .     (no shield)
rPois  ∞         Spirit   .     k - +2 helmet of Youthful Indiscretion {+Blink rElec Dex+3}
rElec  +         Reflect  +     D - +0 cloak
rCorr  .         Harm     .     e - +0 pair of gloves (curse)
MR     +....                    I - +1 pair of boots
Stlth  +.........               U - amulet of Xiats {Reflect Slay+3 SH+3}
                                K - ring of magical power {MP+9}
                                M - ring of positive energy {rN+}

@: flying
A: big wings, slimy green scales 1, thin metallic scales 1, negative energy
resistance 1, electricity resistance, unbreathing, petrification resistance, rot
immunity, AC +9
a: Stop Flying, Berserk, Trog's Hand, Brothers in Arms, Burn Spellbooks,
Renounce Religion, Evoke Blink


You were on level 1 of the Orcish Mines.
You worshipped Trog.
Trog was extremely pleased with you.
You were not hungry.

You visited 4 branches of the dungeon, and saw 20 of its levels.

You collected 1397 gold pieces.
You spent 820 gold pieces at shops.

Inventory:

Hand Weapons
 a - the +2 whip "Feanon" {elec, MR+}
   (You bought it in a shop on level 4 of the Dungeon)

   Occasionally, upon striking a foe, it will discharge some electrical energy
   and cause terrible harm.
   It affects your resistance to hostile enchantments.
 b - a +2 vampiric flail (weapon) {win!}
   (You took it off Edmund on level 4 of the Dungeon)
Missiles
 d - 2 throwing nets {=f}
Armour
 e - a cursed +0 pair of gloves (worn)
   (You found it on level 6 of the Lair of Beasts)
 k - the +2 helmet of Youthful Indiscretion (worn) {+Blink rElec Dex+3}
   (You took it off Robin on level 2 of the Dungeon)

   It affects your dexterity (+3).
   It insulates you from electricity.
   It lets you blink.
 y - a +0 chain mail
   (You took it off an orc on level 5 of the Dungeon)
 B - a +4 ring mail of poison resistance (worn)
   (You took it off Rupert on level 6 of the Lair of Beasts)
 D - a +0 cloak (worn)
   (You took it off Crazy Yiuf on level 7 of the Dungeon)
 I - a +1 pair of boots (worn)
   (You found it on level 8 of the Dungeon)
 Z - a +0 helmet of see invisible
   (You found it on level 5 of the Lair of Beasts)
Rods
 J - a +3 rod of clouds (11/11)
   (You found it on level 10 of the Dungeon)
Jewellery
 q - an uncursed amulet of faith {Faith, !P}
   (You found it on level 3 of the Dungeon)
 x - an uncursed amulet of regeneration {+regen}
   (You found it on level 4 of the Dungeon)
 C - an uncursed amulet of guardian spirit {Spirit}
   (You found it on level 9 of the Dungeon)
 K - a ring of magical power (right hand) {MP+9}
   (You found it on level 8 of the Dungeon)
 M - a ring of positive energy (left hand) {rN+}
   (You found it on level 8 of the Dungeon)
 U - the amulet of Xiats (around neck) {Reflect Slay+3 SH+3}
   (You bought it in a shop on level 4 of the Dungeon)

   [amulet of reflection]

   It shields you and reflects attacks.
   It affects your accuracy and damage with ranged weapons and melee attacks
   (+3).
   It affects your SH (+3).
Wands
 s - a wand of disintegration (7/24)
   (You found it on level 3 of the Dungeon)
 T - a wand of acid (9/15)
   (You found it on level 2 of the Lair of Beasts)
 V - a wand of lightning (3/15)
   (You found it on level 4 of the Lair of Beasts)
Scrolls
 c - a scroll of holy word {!r}
 h - 6 scrolls of recharging
 i - a scroll of identify
 j - 8 scrolls of magic mapping {!r}
 m - 7 scrolls of teleportation
 t - 3 scrolls of fog
 u - 3 scrolls of blinking {!r}
 v - 5 scrolls of remove curse
Potions
 l - a potion of resistance
 n - a potion of flight {unknown}
 w - 3 potions of agility
 z - a potion of haste
 H - 3 potions of curing
 O - 4 potions of lignification {!q}
 P - 5 potions of might
 R - 2 potions of cancellation
 X - 2 potions of invisibility {unknown}
Miscellaneous
 A - 2 boxes of beasts
Comestibles
 f - 9 bread rations
 g - 7 meat rations
 p - 8 royal jellies
 W - 2 slices of pizza


   Skills:
 + Level 15.1 Fighting
 - Level 14.8 Maces & Flails
 - Level 1.7 Throwing
 + Level 10.5 Armour
 + Level 8.7 Dodging


You had 13 spell levels left.
You didn't know any spells.

Dungeon Overview and Level Annotations

Branches:
Dungeon (12/15)            Temple (1/1) D:5            Lair (6/6) D:11
 Shoals (0/4) Lair:4        Snake (0/4) Lair:4        Slime (0/5) Lair:5
    Orc (1/2) D:12

Altars:
Ashenzari
Cheibriados
Dithmenos
Elyvilon
Fedhas
Gozag
Hepliaklqana
Kikubaaqudgha
Makhleb
Nemelex Xobeh
Okawaru
Qazlal
Ru
Sif Muna
Trog
Uskayaw
Vehumet
Xom
Yredelemnul
Zin
The Shining One
Jiyva

Shops:
D:4 ((?=(   D:6 (   D:7 [

Annotations:
D:3 Grinder
Lair:2 exclusion: oklob plant
Lair:4 exclusion: oklob plant


Innate Abilities, Weirdness & Mutations

You are resistant to torment.
Your stone body is resilient. (AC +9)
You are immune to poison.
Your large and strong wings let you fly indefinitely.
You resist negative energy. (rN+)
You are resistant to electric shocks. (rElec)
You can survive without breathing.
You are immune to petrification.
You are immune to rotting.
You are partially covered in slimy green scales. (AC +2)
You are partially covered in thin metallic scales. (AC +2)


Message History

Trog accepts your kill.
You start eating one of the 10 royal jellies.
You continue eating. x2
You finish eating.
That royal jelly was delicious!
You start eating one of the 9 royal jellies.
You continue eating. x2
You finish eating.
That royal jelly was delicious!
Done exploring.
Done exploring.
There is a staircase to the Orcish Mines here.
You fly downwards.
Welcome to the Orcish Mines!
You feel a wave of frost pass over you.
There is an entrance to an ice cave on this level.
Hurry and find it before the portal melts!
A warg comes into view.
You found a teleport trap!
The warg howls!
There is a staircase back to the Dungeon here.
The warg closely misses you.
You sock the warg! The warg bites you but does no damage.
You closely miss the warg. The warg bites you but does no damage.
You hit the warg. The warg bites you but does no damage.
You thump the warg! You block the warg's attack.
You sock the warg! You barely miss the warg. The warg barely misses you.
You sock the warg!
You kill the warg!
Trog accepts your kill.
No target in view!
You now have 528 gold pieces (gained 24).
Found a stone staircase leading down.
You now have 550 gold pieces (gained 22).
You now have 577 gold pieces (gained 27). 2 orcs come into view.
The orc shouts! x2
An orc wizard comes into view. It is wielding a dagger.
The orc wizard shouts!
The orc wizard moves out of view.
An orc, an orc wizard and an ettin come into view.
The orc shouts!
The orc wizard shouts!
The ettin shouts in stereo!
The orc moves out of view.
Found a stone staircase leading down.
You closely miss the orc. You closely miss the orc. The orc misses you.
The orc barely misses you.
You bludgeon the orc!!
You kill the orc!
Trog accepts your kill. The orc closely misses you.
You hit the orc wizard.
The orc wizard hits you but does no damage.
You sock the orc wizard!
You hear the faint crackling of a very distant melting archway.
You hit the orc wizard.
You kill the orc wizard!
Trog accepts your kill.
Trog appreciates your killing of a magic user.
You sock the orc wizard! You sock the orc wizard!
You kill the orc wizard!
Trog accepts your kill.
Trog appreciates your killing of a magic user.
You hit the orc. The orc completely misses you.
You hit the orc. You thump the orc!
You kill the orc!
Trog accepts your kill. The orc closely misses you.
The ettin hits you with a dire flail!! The ettin hits you with a dire flail!
You hit the ettin but do no damage. The orc closely misses you.
You barely miss the ettin. You block the ettin's attack.
The ettin barely misses you.
You hit the ettin but do no damage. The orc hits you but does no damage.
The ettin misses you. x2
You completely miss the ettin. You hit the ettin but do no damage.
The orc closely misses you. The ettin barely misses you. x2
You sock the ettin! The ettin hits you with a dire flail!
The ettin hits you with a dire flail!!
* * * LOW HITPOINT WARNING * * *
The orc hits you but does no damage.
You are too injured to fight recklessly!
You are too injured to fight recklessly!
You are too injured to fight recklessly!
You are too injured to fight recklessly!
You are too injured to fight recklessly!
You are too injured to fight recklessly!
You are too injured to fight recklessly!
You are too injured to fight recklessly!
You are too injured to fight recklessly!
You are too injured to fight recklessly!
You are too injured to fight recklessly!
You are too injured to fight recklessly!
You are too injured to fight recklessly!
You are too injured to fight recklessly!
You are too injured to fight recklessly!
Your iron troll goes berserk!
You feel quite a bit more hungry. The orc barely misses your iron troll.
The ettin hits you with a dire flail!
* * * LOW HITPOINT WARNING * * *
The ettin hits you with a dire flail!!
You die...

#...##.........
#........$....
#.))..........
#..)...........
##...#..........
#...o...........
##...T..........
##....C.........
#.....@........#
##..............
##.#....#.#...
####..###...
#...## #..
####..#.## #
##.#......###
##...........#..
##...............


You could see an ettin, an orc and a friendly iron troll (berserk).

Vanquished Creatures
  Rupert (Lair:6)
  4 dire elephants (Lair:6)
  Fannar (Lair:3)
  7 hydras
  An anaconda (Lair:6)
  Nergalle (Lair:4)
  A wizard (D:12)
  An unseen horror (D:12)
  5 hill giants
  2 oklob plants
  A manticore (D:11)
  An ugly thing (D:9)
  5 black mambas
  10 elephants
  A rime drake (Lair:3)
  8 spiny frogs
  7 komodo dragons
  A troll (D:11)
  Prince Ribbit (D:5)
  5 blink frogs (Lair:1)
  6 dream sheep (Lair:4)
  9 hippogriffs
  Sigmund (D:3)
  The ghost of ImaNewbie the Twirler, an amateur GrGl (D:4)
  21 yaks
  A wraith (D:11)
  3 wyverns
  A basilisk (Lair:2)
  A hungry ghost (D:12)
  Eustachio (D:5)
  2 wargs
  Edmund (D:4)
  4 nagas (Lair:4)
  2 hell hounds (D:11)
  11 water moccasins
  6 porcupines
  5 ice beasts
  A black bear (D:12)
  11 orc warriors
  A phantom (D:9)
  A sky beast (D:10)
  9 ogres
  3 centaurs
  22 crocodiles
  4 big kobolds
  19 bullfrogs
  A wyvern zombie (D:12)
  A wyvern skeleton (D:10)
  4 scorpions
  5 killer bees (D:11)
  10 wights (D:10)
  7 howler monkeys
  An electric eel (Lair:6)
  4 crimson imps
  3 centaur zombies
  A hound (D:6)
  A quasit (D:8)
  2 bullfrog zombies
  10 orc priests
  2 centaur skeletons
  7 jellies
  A gnoll shaman (D:6)
  A bullfrog skeleton (D:11)
  15 orc wizards
  Crazy Yiuf (D:7)
  4 iguanas
  Ijyb (D:2)
  Terence (D:1)
  7 worker ants
  Natasha (twice) (D:2)
  A hound zombie (D:11)
  A hound skeleton (D:10)
  A howler monkey zombie (D:11)
  Robin (D:2)
  A howler monkey skeleton (D:9)
  11 gnolls
  20 adders
  5 shadow imps
  7 oozes
  2 adder skeletons
  3 worms
  2 dart slugs (D:2)
  7 leopard geckos
  48 orcs
  3 bats
  5 giant cockroaches
  20 goblins
  9 hobgoblins
  13 jackals
  32 kobolds
  6 quokkas
  4 ball pythons
  6 frilled lizards
  A quokka skeleton (D:4)
  10 rats
  6 plants
528 creatures vanquished.

Vanquished Creatures (others)
  2 fungi
  3 plants (Lair:6)
5 creatures vanquished.

Grand Total: 533 creatures vanquished

Notes
Turn   | Place    | Note
-------+----------+-------------------------------------------
     0 | D:1      | RKaid the Gargoyle Gladiator began the quest for the Orb.
     0 | D:1      | Reached XP level 1. HP: 12/12 MP: 1/1
     6 | D:1      | Noticed a komodo dragon
     6 | D:1      | Noticed a black bear
     6 | D:1      | Noticed a wyvern
     7 | D:1      | Noticed an anaconda
     7 | D:1      | Noticed a hound
   502 | D:1      | Reached XP level 2. HP: 18/18 MP: 2/2
  1023 | D:2      | HP: 1/18 [adder (4)]
  1032 | D:2      | Reached skill level 3 in Fighting
  1032 | D:2      | Reached XP level 3. HP: 2/23 MP: 3/3
  1386 | D:2      | Noticed Terence
  1469 | D:1      | Killed Terence
  1469 | D:1      | Reached skill level 4 in Maces & Flails
  1469 | D:1      | Reached XP level 4. HP: 13/28 MP: 4/4
  1819 | D:2      | Noticed Natasha
  1833 | D:2      | HP: 1/28 [Natasha (7)]
  1836 | D:2      | Killed Natasha
  1985 | D:2      | Reached XP level 5. HP: 27/32 MP: 5/5
  2163 | D:2      | Noticed Robin
  2323 | D:2      | Killed Robin
  2323 | D:2      | Reached skill level 5 in Maces & Flails
  2333 | D:2      | Got a distressingly furry helmet
  2434 | D:2      | Noticed Ijyb
  2475 | D:2      | Killed Ijyb
  2598 | D:2      | Identified the +2 helmet of Youthful Indiscretion {+Blink rElec Dex+3} (You took it off Robin on level 2 of the Dungeon)
  2652 | D:3      | Reached skill level 4 in Fighting
  2826 | D:3      | Reached XP level 6. HP: 34/38 MP: 6/6
  2969 | D:3      | Noticed Sigmund
  3012 | D:3      | Killed Sigmund
  3012 | D:3      | Reached skill level 6 in Maces & Flails
  3386 | D:3      | Noticed Grinder
  3401 | D:3      | Reached XP level 7. HP: 40/44 MP: 7/7
  3498 | D:2      | Reached skill level 5 in Fighting
  3560 | D:2      | Noticed Natasha
  3574 | D:2      | Killed Natasha
  4024 | D:3      | Reached skill level 7 in Maces & Flails
  4155 | D:4      | Noticed ImaNewbie's ghost (amateur GrGl)
  4164 | D:4      | Killed ImaNewbie's ghost
  4212 | D:4      | Found Vilayca's Antique Weapon Shop.
  4252 | D:4      | Noticed Edmund
  4424 | D:4      | Found Eqihifax's Magic Scroll Shop.
  4444 | D:4      | Bought a scroll of identify for 24 gold pieces
  4467 | D:4      | Found Ephiocra's Jewellery Shoppe.
  4508 | D:4      | Found Guskel's Weapon Emporium.
  4580 | D:4      | Found Ciereg's Antique Weapon Boutique.
  4632 | D:4      | Killed Edmund
  4632 | D:4      | Reached skill level 6 in Fighting
  4632 | D:4      | Reached skill level 8 in Maces & Flails
  4632 | D:4      | Reached XP level 8. HP: 51/51 MP: 8/8
  4644 | D:4      | Bought a scroll of remove curse for 36 gold pieces
  4706 | D:5      | Entered Level 5 of the Dungeon
  4723 | D:5      | Noticed Prince Ribbit
  4747 | D:5      | Killed Prince Ribbit
  4917 | D:5      | Found a staircase to the Ecumenical Temple.
  4954 | Temple   | Entered the Ecumenical Temple
  5212 | Temple   | Became a worshipper of Trog the Wrathful
  5452 | D:5      | Noticed Eustachio
  5500 | D:5      | Killed Eustachio
  5783 | D:5      | Reached skill level 9 in Maces & Flails
  6396 | D:6      | Reached skill level 7 in Fighting
  6808 | D:4      | Bought a jewelled whip for 225 gold pieces
  6808 | D:4      | Identified the +2 whip "Feanon" {elec, MR+} (You bought it in a shop on level 4 of the Dungeon)
  6985 | D:6      | Found Ifonill's Weapon Shop.
  7001 | D:6      | Reached XP level 9. HP: 57/57 MP: 9/9
  7047 | D:6      | Reached * piety under Trog
  7289 | D:7      | Found Socaahud's Antique Armour Shoppe.
  7321 | D:7      | Reached skill level 10 in Maces & Flails
  8056 | D:7      | Found a runed door.
  8423 | D:7      | Noticed Crazy Yiuf
  8430 | D:7      | Killed Crazy Yiuf
  8584 | D:7      | Reached skill level 8 in Fighting
  8646 | D:8      | Got a distressingly furry robe
  8886 | D:8      | Reached ** piety under Trog
  8934 | D:8      | Reached skill level 11 in Maces & Flails
  9556 | D:8      | Identified the cursed +0 robe of Midwinter {rPois rCorr Str+2} (You found it on level 8 of the Dungeon)
  9637 | D:9      | Noticed a purple ugly thing
  9652 | D:9      | Killed a purple ugly thing
  9652 | D:9      | Reached skill level 9 in Fighting
  9652 | D:9      | Reached XP level 10. HP: 49/66 MP: 10/10
  9985 | D:9      | Reached skill level 12 in Maces & Flails
  9995 | D:9      | Reached *** piety under Trog
 10367 | D:10     | Entered Level 10 of the Dungeon
 10701 | D:10     | Reached skill level 10 in Fighting
 10909 | D:10     | Reached **** piety under Trog
 10947 | D:10     | Noticed a hill giant
 11176 | D:10     | Received a gift from Trog
 11176 | D:10     | Reached skill level 13 in Maces & Flails
 11203 | D:10     | Killed a hill giant
 11203 | D:10     | Reached XP level 11. HP: 62/73 MP: 11/11
 11910 | D:11     | Reached skill level 11 in Fighting
 12032 | D:11     | Reached skill level 14 in Maces & Flails
 12063 | D:11     | Noticed a manticore
 12076 | D:11     | Killed a manticore
 12201 | D:11     | Noticed a hill giant
 12210 | D:11     | Killed a hill giant
 12417 | D:11     | Noticed a hill giant
 12420 | D:11     | Reached ***** piety under Trog
 12428 | D:11     | Killed a hill giant
 12465 | D:11     | Got a dazzling war axe
 12531 | D:11     | Noticed a hill giant
 12545 | D:11     | Killed a hill giant
 12677 | D:11     | Found a staircase to the Lair.
 12762 | D:11     | Got a distressingly furry leather armour
 13034 | Lair:1   | Entered Level 1 of the Lair of Beasts
 13104 | Lair:1   | Noticed an eight-headed hydra
 13146 | Lair:1   | Killed an eight-headed hydra
 13146 | Lair:1   | Reached skill level 12 in Fighting
 13146 | Lair:1   | Reached skill level 1 in Armour
 13146 | Lair:1   | Reached XP level 12. HP: 81/81 MP: 12/12
 13221 | Lair:1   | Reached skill level 2 in Armour
 13226 | Lair:1   | Noticed an eight-headed hydra
 13243 | Lair:1   | Killed an eight-headed hydra
 13243 | Lair:1   | Reached skill level 3 in Dodging
 13480 | Lair:1   | Reached skill level 3 in Armour
 13536 | Lair:1   | Received a gift from Trog
 13756 | Lair:1   | Reached skill level 4 in Dodging
 13758 | Lair:1   | Reached skill level 4 in Armour
 14272 | Lair:1   | Gained mutation: You are partially covered in slimy green scales. (AC +2) [potion of beneficial mutation]
 14273 | Lair:1   | Gained mutation: You are partially covered in thin metallic scales. (AC +2) [potion of beneficial mutation]
 14284 | Lair:1   | Identified the +2 leather armour "Gienod" {Str+2} (You found it on level 11 of the Dungeon)
 15035 | Lair:2   | Reached skill level 5 in Armour
 15768 | D:4      | Bought the amulet of Xiats {Reflect Slay+3 SH+3} for 535 gold pieces
 16106 | Lair:3   | Noticed Fannar
 16108 | Lair:3   | Noticed a five-headed hydra
 16140 | Lair:3   | Killed Fannar
 16140 | Lair:3   | Reached skill level 5 in Dodging
 16232 | Lair:3   | Found a shimmering altar of Xom.
 16260 | Lair:3   | Killed a five-headed hydra
 16260 | Lair:3   | Reached skill level 13 in Fighting
 16263 | Lair:3   | Reached skill level 6 in Armour
 16380 | Lair:3   | Noticed a four-headed hydra
 16385 | Lair:3   | Killed a four-headed hydra
 16976 | Lair:3   | Reached XP level 13. HP: 88/88 MP: 13/13
 17087 | Lair:4   | Noticed Nergalle
 17180 | Lair:4   | Killed Nergalle
 17180 | Lair:4   | Reached skill level 7 in Armour
 17180 | Lair:4   | Reached skill level 6 in Dodging
 17235 | Lair:4   | Found a staircase to the Shoals.
 17476 | Lair:4   | Received a gift from Trog
 17504 | Lair:4   | Found a staircase to the Snake Pit.
 18330 | Lair:4   | Reached skill level 8 in Armour
 18776 | Lair:5   | Found a staircase to the Slime Pits.
 18776 | Lair:5   | Found a viscous altar of Jiyva.
 19185 | Lair:5   | Reached skill level 14 in Fighting
 19185 | Lair:5   | Reached skill level 7 in Dodging
 19463 | Lair:6   | Entered Level 6 of the Lair of Beasts
 19499 | Lair:6   | Noticed Rupert
 19518 | Lair:5   | Identified the +7 war axe of the Sky {drain, rC- Dex+8 Stlth+} (You found it on level 11 of the Dungeon)
 19587 | Lair:6   | Killed Rupert
 19587 | Lair:6   | Reached skill level 9 in Armour
 20455 | Lair:6   | Noticed a dire elephant
 20471 | Lair:6   | Killed a dire elephant
 20582 | Lair:6   | Noticed a dire elephant
 20582 | Lair:6   | Noticed a dire elephant
 20609 | Lair:6   | Killed a dire elephant
 20609 | Lair:6   | Gained mutation: Your large and strong wings let you fly indefinitely. [Gargoyle growth]
 20609 | Lair:6   | Reached XP level 14. HP: 96/96 MP: 14/14
 20616 | Lair:6   | Killed a dire elephant
 20616 | Lair:6   | Reached skill level 8 in Dodging
 20870 | Lair:6   | Noticed a dire elephant
 20886 | Lair:6   | Reached skill level 10 in Armour
 20903 | Lair:6   | Killed a dire elephant
 21132 | D:12     | Found a sparkling altar of Nemelex Xobeh.
 21179 | D:12     | Found a staircase to the Orcish Mines.
 21547 | D:12     | Reached skill level 15 in Fighting
 21962 | D:12     | Reached ****** piety under Trog
 22271 | Orc:1    | Entered Level 1 of the Orcish Mines
 22336 | Orc:1    | HP: 22/98 [ettin/dire flail (27)]
 22342 | Orc:1    | HP: 15/98 [ettin/dire flail (9)]
 22342 | Orc:1    | Slain by an ettin

Skill      XL: |  1  2  3  4  5  6  7  8  9 10 11 12 13 14 |
---------------+-------------------------------------------+-----
Fighting       | 3 4 6 7 9 10 12 13 14 15 | 15.1
Maces & Flails | 4 5 6 8 9 11 13 14 | 14.8
Armour         | 1 6 9 10 | 10.5
Dodging        | 5 7 8 |  8.7
Throwing       | |  1.7

Action                   |  1- 3 |  4- 6 |  7- 9 | 10-12 | 13-15 || total
-------------------------+-------+-------+-------+-------+-------++-------
Melee: Flail             |   102 |   242 |   328 |       |   283 ||   955
       Whip              |       |       |   266 |   869 |   449 ||  1584
Throw: Throwing net      |     3 |       |       |       |       ||     3
Invok: Berserk           |       |       |     1 |     5 |     4 ||    10
       Burn Spellbooks   |       |       |       |     2 |     1 ||     3
       Brothers in Arms  |       |       |       |       |     1 ||     1
 Abil: Fly               |       |       |       |       |     1 ||     1
Evoke: Wand              |       |       |     4 |       |     1 ||     5
  Use: Potion            |     1 |     1 |     1 |     3 |       ||     6
       Scroll            |       |     6 |     8 |     6 |     8 ||    28
 Stab: Paralysed         |       |       |     7 |       |       ||     7
  Eat: Chunk             |     2 |     7 |    18 |    15 |    12 ||    54
       Beef jerky        |       |       |     2 |     4 |       ||     6
       Fruit             |       |       |       |     5 |    14 ||    19
       Pizza             |       |       |       |     1 |       ||     1
       Royal jelly       |       |       |       |       |     3 ||     3
Armor: Leather armour    |    28 |    10 |       |    46 |    84 ||   168
       Robe              |       |    56 |     4 |    42 |       ||   102
       Ring mail         |       |    58 |   193 |       |   194 ||   445
       Chain mail        |       |       |    93 |   218 |       ||   311
Dodge: Dodged            |    80 |   132 |   360 |   262 |   397 ||  1231
Block: Other             |       |       |       |     4 |    48 ||    52

Vault maps used:
D:1:      onia_arrival_zoo_common
D:2:      first_bread, uniq_natasha, uniq_robin, uniq_iyjb, uniq_terence
D:3:      minmay_misc_feat_rows, minmay_shallow_snake_nest, uniq_sigmund,
          uniq_grinder
D:4:      serial_shops, kennysheep_mini_moat, shop, shop, shop, shop,
          uniq_edmund
D:5:      uniq_eustachio, uniq_prince_ribbit1
D:6:      serial_shops, shop_fountains
D:7:      serial_shops, nicolae_shop_overgrown_old_shop, uniq_crazy_yiuf_cottage
D:8:      nicolae_underground_beach
D:10:     hangedman_little_slice_of_home, minmay_pinched_square
D:11:     minmay_lair_entry_lava
D:12:     david_orc_3, lemuel_oklob_altar
Temple:   roderic_octagonal_lattice_temple
Lair:1:   st_stairs_6
Lair:2:   minmay_lair_oklob_tunnel, wad_woods_road_05
Lair:3:   basic_altar, uniq_fannar
Lair:4:   elwin_shoals_entry_rocks, minmay_snake_entry_guardpost_small,
          st_stairs_12, minmay_lair_oklob_bushes, uniq_nergalle
Lair:5:   slime_altar_1
Lair:6:   due_jungle_book, serial_bayou, serial_bayou_crossing,
          serial_bayou_pond_d, serial_bayou_pond_c, serial_bayou_lagoon_b,
          lemuel_fruit_fields, uniq_rupert
Orc:1:    portal_ice_cave_entry_imps

Table legend:
 A = Turns spent in this place as a percentage of turns spent in the entire game.
 B = Non-inter-level travel turns spent in this place as a percentage of non-inter-level travel turns spent in the entire game.
 C = Inter-level travel turns spent in this place as a percentage of turns spent in this place.
 D = Turns resting spent in this place as a percentage of non-inter-level travel turns spent in this place.
 E = Turns spent auto-exploring this place as a percentage of non-inter-level travel turns spent in this place.
 F = Non-inter-level travel turns spent in this place divided by the number of levels of this place that you've seen.
                   A       B       C       D       E      F
               +-------+-------+-------+-------+-------+----------------------
         Total | 100.0 | 100.0 |   0.6 |   2.5 |   6.5 | 360.2
       Dungeon |  64.2 |  64.3 |   0.5 |   2.1 |   6.7 | 385.8
        Temple |   0.5 |   0.5 |   5.7 |   0.0 |  90.9 |  33.0
          Lair |  34.5 |  34.4 |   0.7 |   3.3 |   5.2 | 413.2
  Orcish Mines |   0.9 |   0.9 |   0.0 |   0.0 |   1.6 |  63.0
               +-------+-------+-------+-------+-------+----------------------

Table legend:
 A = Kills in this place as a percentage of kills in entire the game.
 B = Kills by you in this place as a percentage of kills by you in the entire game.
 C = Kills by friends in this place as a percentage of kills by friends in the entire game.
 D = Other kills in this place as a percentage of other kills in the entire game.
 E = Experience gained in this place as a percentage of experience gained in the entire game.
 F = Experience gained in this place divided by the number of levels of this place that you have seen.
                   A       B       C       D       E      F
               +-------+-------+-------+-------+-------+----------------------
         Total | 100.0 | 100.0 |  -nan |  -nan | 100.0 | 3409.4
       Dungeon |  75.1 |  75.1 |  -nan |  -nan |  36.9 | 2096.3
          Lair |  23.9 |  23.9 |  -nan |  -nan |  62.7 | 7128.0
  Orcish Mines |   1.0 |   1.0 |  -nan |  -nan |   0.4 | 264.0
               +-------+-------+-------+-------+-------+----------------------
